 Dungeon Crawl Stone Soup version 0.31-a0-152-g6aa68a64a1 (webtiles) character file.

Game seed: 11375734127654035046

308 lunkers the Digger (level 7, -7/50 HPs)
             Began as a Meteoran Earth Elementalist on June 9, 2023.
             Mangled by a gnoll bouda
             ... wielding a +0 club
              (9 damage)
             ... on level 4 of the Dungeon.
             The game lasted 00:04:23 (1455 turns).

lunkers the Digger (Meteoran Earth Elementalist)    Turns: 1455, Time: 00:04:24

Health: -7/50      AC:  2    Str:  9    XL:     7   Next: 1%
Magic:  10/15      EV: 12    Int: 20    God:
Gold:   136        SH:  0    Dex: 14    Spells: 10/16 levels left

rFire   . . .        (no weapon)
rCold   + . .        (no shield)
rNeg    . . .        a - +0 robe
rPois   .            (no helmet)
rElec   .            (no cloak)
rCorr   .            (no gloves)
SInv    .            (no boots)
Will    .....        (no amulet)
Stlth   +            d - ring of protection from cold
HPRegen 0.28/turn    (no ring)
MPRegen 0.14/turn

%: no passive effects
@: weakened, very slightly contaminated, glowing
A: sense surroundings 1, otherworldly, glowing, explore regen
a: no special abilities


You were on level 4 of the Dungeon.
You visited 1 branch of the dungeon, and saw 4 of its levels.

You collected 136 gold pieces.

Inventory:

Hand Weapons
 r - a +3 short sword of holy wrath
Missiles
 p - a throwing net
Armour
 a - a +0 robe (worn)
Jewellery
 d - a ring of protection from cold (left hand)
 q - an amulet of magic regeneration
Scrolls
 c - a scroll of noise {unknown}
 f - a scroll of enchant armour {unknown}
 g - 2 scrolls of enchant weapon {unknown}
 i - a scroll of amnesia {unknown}
 k - 3 scrolls of identify {unknown}
 m - 2 scrolls of poison {unknown}
 o - a scroll of teleportation {unknown}
 s - a scroll of immolation {unknown}
 t - a scroll of blinking {unknown}
Potions
 b - 2 potions of magic
 e - 2 potions of heal wounds {unknown}
 h - 3 potions of might {unknown}
 j - 3 potions of curing {unknown}
 l - 3 potions of brilliance {unknown}
 n - 2 potions of attraction {unknown}


   Skills:
 - Level 2.4 Dodging
 - Level 1.4 Stealth
 + Level 5.0 Spellcasting
 + Level 1.3 Conjurations
 - Level 1.2 Transmutations
 * Level 7.0 Earth Magic


You had 10 spell levels left.
You knew the following spells:

 Your Spells              Type           Power      Damage    Failure   Level
a - Sandblast             Erth           66%        2d15      1%          1
b - Passwall              Tmut/Erth      17%        N/A       3%          2
c - Stone Arrow           Conj/Erth      42%        3d9       6%          3

Your spell library contained the following spells:

 Spells                   Type           Power      Damage    Failure   Level
 Petrify                  Tmut/Erth      21%        N/A       22%         4
 Leda's Liquefaction      Hex/Erth       9%         N/A       26%         4
 Call Canine Familiar     Summ           5%         N/A       34%         3
 Portal Projectile        Hex/Tloc       10%        N/A       34%         3


Dungeon Overview and Level Annotations

Branches:
Dungeon (4/15) Zot: 889
 Temple: D:4-7

Altars:

Shops:
D:3 (   D:4 [


Innate Abilities, Weirdness & Mutations

You passively map a small area around you.
You are easily found by Zot.
You glow in the dark.
You regain HP and MP as you explore.


Message History

The gnoll bouda shouts!
You hear a shout!
A gnoll comes into view. It is wielding a +0 halberd.
The gnoll bouda gazes fiercely through you!
You feel your attacks grow feeble.
Aiming: Sandblast (safe; 1% risk of failure)
Press: ? - help, Q - select action, (/) - cycle Shift-Dir - straight line, f - gnoll bouda
Aim: a gnoll bouda, wielding a +0 club and wearing a +0 robe (86% to hit)
The blast of sand misses the gnoll bouda.
The gnoll bouda closely misses you.
Aiming: Sandblast (safe; 1% risk of failure)
Press: ? - help, Q - select action, (/) - cycle Shift-Dir - straight line, f/p - gnoll bouda
Aim: a gnoll bouda, wielding a +0 club and wearing a +0 robe (86% to hit)
The blast of sand hits the gnoll bouda.
The gnoll bouda is moderately wounded.
Your attacks no longer feel as feeble.
The gnoll hits you from afar with a +0 halberd.
* * * LOW HITPOINT WARNING * * *
The gnoll bouda hits you with a +0 club!
* * * LOW HITPOINT WARNING * * *
The gnoll bouda misses you. The gnoll misses you.
Aiming: Sandblast (safe; 1% risk of failure)
Press: ? - help, Q - select action, (/) - cycle Shift-Dir - straight line, f - gnoll, p - gnoll bouda
Aim: a gnoll, wielding a +0 halberd (86% to hit)
You miscast Sandblast.
You are very lightly contaminated with residual magic.
Nothing appears to happen.
The gnoll barely misses you.
The gnoll bouda barks out a call to the hunt!
The gnoll picks up the pace!
Aiming: Sandblast (safe; 1% risk of failure)
Press: ? - help, Q - select action, (/) - cycle Shift-Dir - straight line, f/p - gnoll
Aim: a gnoll, wielding a +0 halberd (covering ground quickly, 86% to hit)
The blast of sand hits the gnoll bouda!
The gnoll bouda is almost dead.
The gnoll hits you from afar with a +0 halberd!
* * * LOW HITPOINT WARNING * * *
The gnoll bouda gazes fiercely through you!
You feel your attacks grow feeble.
The gnoll bouda hits you with a +0 club!
You die...

....'......... *
.####.∩....... , *
* ..............
......#####'#. **
, ......'.....# ,
,* # ......####..#
* * ,*.# #.....#
#..* , .. #.....#
#..#######.#*
##..###
#.....#@g..#
....####
#..##.#.#g.....
....†).####.##.#.#
.####,
....##).##.....#.#
#
....###.##.......#
* * ....#
#..#)..##### , ,
##### ##).)..# ,
##....#* * #....#
, , ,


You could see a gnoll bouda and a gnoll (swift).

Vanquished Creatures
  A bullfrog (D:4)
  A scorpion (D:4)
  Natasha (twice) (D:3)
  3 gnolls (D:4)
  3 adders
  4 worms
  3 orcs (D:4)
  4 ball pythons
  3 bats
  7 endoplasms
  3 giant cockroaches
  7 goblins
  6 hobgoblins
  3 jackals (D:1)
  2 quokkas
  A frilled lizard (D:1)
  11 kobolds
  2 rats (D:2)
66 creatures vanquished.

Notes
Turn   | Place    | Note
-------+----------+-------------------------------------------
     0 | D:1      | lunkers the Meteoran Earth Elementalist began the quest for
                  | the Orb.
     0 | D:1      | Reached XP level 1. HP: 14/14 MP: 5/5
    76 | D:1      | Reached XP level 2. HP: 20/20 MP: 2/6
    78 | D:1      | Reached skill level 4 in Earth Magic
   199 | D:1      | Reached XP level 3. HP: 26/26 MP: 6/8
   337 | D:2      | Upgraded the game from 0.31-a0-150-g89dc3ad700 to
                  | 0.31-a0-152-g6aa68a64a1
   420 | D:2      | Reached XP level 4. HP: 33/33 MP: 6/10
   649 | D:2      | Reached skill level 5 in Earth Magic
   737 | D:3      | Found Acurye Viwa's Antique Weapon Shoppe.
   903 | D:3      | Noticed Natasha
   907 | D:3      | Killed Natasha
   938 | D:3      | Reached XP level 5. HP: 38/38 MP: 8/11
   941 | D:3      | Noticed Natasha
   944 | D:3      | Killed Natasha
  1166 | D:4      | Reached skill level 6 in Earth Magic
  1206 | D:4      | Noticed a bullfrog
  1210 | D:4      | Killed a bullfrog
  1211 | D:4      | Reached XP level 6. HP: 45/45 MP: 11/13
  1229 | D:4      | Learned a level 2 spell: Passwall
  1233 | D:4      | Learned a level 3 spell: Stone Arrow
  1394 | D:4      | Found Kauxya's Antique Armour Boutique.
  1416 | D:4      | Reached skill level 1 in Conjurations
  1438 | D:4      | Reached skill level 7 in Earth Magic
  1439 | D:4      | Reached skill level 5 in Spellcasting
  1439 | D:4      | Reached XP level 7. HP: 20/50 MP: 8/15
  1455 | D:4      | HP: 2/50 [gnoll/+0 halberd[a gnoll bouda] (14)]
  1455 | D:4      | Mangled by a gnoll bouda

Illustrated notes

Levels and vault maps discovered:
D:1:      onia_arrival_mini_spirals, layout_rooms
D:2:      layout_basic
D:3:      layout_basic, lightli_temple_of_fire, serial_shops, shop,
          minivault_14, uniq_natasha
D:4:      layout_basic, serial_shops, shop

Skill      XL: |  1  2  3  4  5  6 |
---------------+-------------------+-----
Earth Magic    | 4 5 6 7 |  7.0
Spellcasting   | 3 4 5 |  5.0
Conjurations   | 1 |  1.3
Dodging        | |  2.4
Stealth        | |  1.4
Transmutations | |  1.2

Action                     |  1- 3 |  4- 6 |  7- 9 || total
---------------------------+-------+-------+-------++-------
  Melee: Unarmed           |     1 |       |       ||     1
   Cast: Sandblast         |    44 |    63 |     3 ||   110
 Armour: Robe              |     5 |     4 |       ||     9
  Dodge: Dodged            |    15 |     6 |     4 ||    25

Table legend: (Time is in decaauts)
 A = Elapsed time spent in this place.
 B = Non-inter-level travel time spent in this place.
 C = Inter-level travel time spent in this place.
 D = Time resting spent in this place.
 E = Time spent auto-exploring this place.
 F = Levels seen in this place.
 G = Mean time per level.
                   A        B        C        D        E       F      G
               +--------+--------+--------+--------+--------+-----+--------+
         Total |   1508 |   1457 |     51 |      0 |    983 |   4 |  377.0 |
       Dungeon |   1508 |   1457 |     51 |      0 |    983 |   4 |  377.0 |
               +--------+--------+--------+--------+--------+-----+--------+

Top non-repeatable levels by time:
     D:2: 468 daAuts
     D:3: 437 daAuts
     D:4: 324 daAuts
     D:1: 278 daAuts
